 Dungeon Crawl Stone Soup version 0.19.4-9-g45fd643 (webtiles) character file.

962 Kosschaser the Covert (level 8, -3/40 HPs)
             Began as a Vine Stalker Assassin on Feb 19, 2017.
             Slain by a worker ant (6 damage)
             ... on level 6 of the Dungeon.
             The game lasted 00:18:14 (4535 turns).

Kosschaser the Covert (Vine Stalker Assassin)       Turns: 4535, Time: 00:18:15

Health: -3/40      AC:  6    Str: 13    XL:     8   Next: 15%
Magic:  0/9        EV: 13    Int: 11    God:
Gold:   188        SH:  0    Dex: 19    Spells: 0 memorised, 7 levels left

rFire  . . .     SeeInvis .     a - +2 dagger
rCold  . . .     Gourm    .     c - +0 robe
rNeg   . . .     Faith    .     (no shield)
rPois  +         Spirit   +     (no helmet)
rElec  .         Reflect  .     d - +0 cloak
rCorr  .         Harm     .     C - +2 pair of gloves
MR     +....                    (no boots)
Stlth  +++++.....               (no amulet)
                                (no ring)
                                y - ring of poison resistance

@: no status effects
A: fangs 3, regeneration 1, magic shield, antimagic bite, no device heal 3, rot
immunity
a: no special abilities


You were on level 6 of the Dungeon.
You were hungry.

You visited 2 branches of the dungeon, and saw 8 of its levels.

You collected 188 gold pieces.

Inventory:

Hand Weapons
 a - a +2 dagger (weapon)
 b - a +0 blowgun
Missiles
 e - 29 poisoned needles
 f - 2 curare-tipped needles
Armour
 c - a +0 robe (worn)
 d - a +0 cloak (worn)
 C - a +2 pair of gloves (worn)
Jewellery
 y - a ring of poison resistance (left hand)
 z - an uncursed amulet of harm {unknown}
 E - an uncursed amulet of magic regeneration {unknown}
Wands
 u - a wand of acid (8/15)
Scrolls
 j - a scroll of immolation {unknown}
 m - a scroll of identify
 t - a scroll of enchant weapon
 v - a scroll of enchant armour
 w - a scroll of remove curse
 x - a scroll of noise {unknown}
 B - a scroll of teleportation {unknown}
 G - a scroll of recharging {unknown}
Potions
 h - a potion of ambrosia
 i - a potion of flight
 k - 4 potions of magic {unknown}
 o - 7 potions of curing {unknown}
 p - a potion of haste
 q - 4 potions of lignification {unknown}
 r - 6 potions of brilliance {unknown}
 A - a potion of might {unknown}
Comestibles
 g - 6 bread rations
 l - a royal jelly
 n - 2 beef jerkies
 s - 3 meat rations
 D - 2 fruits


   Skills:
 + Level 3.1 Fighting
 + Level 4.2 Short Blades
 + Level 1.9 Throwing
 + Level 2.4 Dodging
 * Level 10.0 Stealth


You had 7 spell levels left.
You didn't know any spells.

Dungeon Overview and Level Annotations

Branches:
Dungeon (7/15)             Temple (1/1) D:5

Altars:
Cheibriados
Fedhas
Gozag
Hepliaklqana
Kikubaaqudgha
Nemelex Xobeh
Okawaru
Qazlal
Ru
Sif Muna
Trog
Uskayaw
Vehumet
Xom
Yredelemnul
Zin
The Shining One

Annotations:
D:4 Menkaure


Innate Abilities, Weirdness & Mutations

You have razor-sharp teeth.
Your natural rate of healing is unusually fast.
When hurt, damage is shared between your health and your magic reserves.
Your bite disrupts and absorbs the magic of your enemies.
Potions and wands cannot restore your health.
You are immune to rotting.


Message History

The jackal skeleton bites you. The ice beast hits you.
The ice beast freezes you!
* * * LOW HITPOINT WARNING * * *
The worker ant bites you.
* * * LOW HITPOINT WARNING * * *
Okay, then.
The jackal skeleton closely misses you. The worker ant bites you.
* * * LOW HITPOINT WARNING * * *
You hit the worker ant. Your bite misses the worker ant.
The worker ant is moderately wounded.
The jackal skeleton bites you but does no damage.
The worker ant misses you. The ice beast misses you.
The worker ant barely misses you.
The jackal skeleton bites you but does no damage.
The worker ant bites you.
* * * LOW HITPOINT WARNING * * *
The worker ant misses you. The jackal skeleton barely misses you.
The worker ant misses you. The worker ant bites you!
You die...

#.## #...####.#.# #### #..#
##.#.# #.#s# ...# #.#
##..#.###..#.. ...# #Y#
###.(......=.#### ...#
#.#########.(..........#
..รท##
#.##.....#..#.....[(...#
##<.###..#......c##.......Z..#
##......#.....a###......c...
########.....Z@........%...
#.....####.......a.. #.....#
#.......... #.....# .......
#..%..# #######


You could see a worker ant and a jackal skeleton.

Vanquished Creatures
  Eustachio (D:6)
  A sky beast (D:5)
  An ogre (D:5)
  A bullfrog (D:6)
  A crimson imp (D:5)
  A bullfrog zombie (D:5)
  3 orc priests
  A hound (D:5)
  A jelly (D:5)
  Jessica (D:2)
  An iguana (D:5)
  Terence (D:3)
  3 worker ants
  4 gnolls
  9 adders
  An ooze (D:1)
  An adder zombie (D:5)
  3 worms
  A dart slug (D:1)
  5 leopard geckos
  10 orcs
  6 bats
  10 giant cockroaches
  10 goblins
  5 hobgoblins
  A jackal (D:6)
  3 quokkas
  A ball python (D:2)
  9 frilled lizards
  5 kobolds
  5 rats
106 creatures vanquished.

Notes
Turn   | Place    | Note
-------+----------+-------------------------------------------
     0 | D:1      | Kosschaser the Vine Stalker Assassin began the quest for the Orb.
     0 | D:1      | Reached XP level 1. HP: 11/11 MP: 2/2
    78 | D:1      | Reached skill level 5 in Stealth
   196 | D:1      | Reached XP level 2. HP: 14/15 MP: 3/3
   479 | D:1      | Reached XP level 3. HP: 11/18 MP: 1/4
   490 | D:1      | Reached skill level 1 in Dodging
   957 | D:2      | Found a basalt altar of Yredelemnul.
   980 | D:2      | Reached skill level 6 in Stealth
  1108 | D:2      | Noticed Jessica
  1120 | D:2      | Killed Jessica
  1120 | D:2      | Gained mutation: Your natural rate of healing is unusually fast. [Vine Stalker growth]
  1120 | D:2      | Reached XP level 4. HP: 23/23 MP: 5/5
  1644 | D:3      | Reached skill level 7 in Stealth
  1644 | D:3      | Reached XP level 5. HP: 20/26 MP: 4/6
  1720 | D:3      | Found an iron altar of Okawaru.
  2009 | D:3      | Noticed Terence
  2034 | D:3      | Killed Terence
  2536 | D:3      | Reached XP level 6. HP: 17/30 MP: 5/7
  2570 | D:4      | You fall through a shaft for 2 floors!
  2576 | D:6      | Noticed an orc warrior
  2594 | D:6      | Noticed Eustachio
  2609 | D:6      | Reached skill level 8 in Stealth
  2624 | D:6      | Found a glowing silver altar of Zin.
  2754 | D:7      | Noticed a hippogriff
  2797 | D:6      | Noticed an ice beast
  2861 | D:6      | Killed Eustachio
  2861 | D:6      | Reached XP level 7. HP: 35/35 MP: 8/8
  2886 | D:5      | Entered Level 5 of the Dungeon
  3016 | D:5      | Reached skill level 9 in Stealth
  3337 | D:4      | Noticed Menkaure
  3557 | D:5      | Found a blossoming altar of Fedhas.
  3614 | D:5      | Found a staircase to the Ecumenical Temple.
  3624 | Temple   | Entered the Ecumenical Temple
  4070 | D:5      | Gained mutation: You have razor-sharp teeth. [Vine Stalker growth]
  4070 | D:5      | Reached XP level 8. HP: 40/40 MP: 9/9
  4176 | D:5      | Reached skill level 10 in Stealth
  4533 | D:6      | HP: 2/40 [worker ant (3)]
  4535 | D:6      | Slain by a worker ant

Skill      XL: |  1  2  3  4  5  6  7  8 |
---------------+-------------------------+-----
Stealth        | 5 6 7 8 9 10 | 10.0
Short Blades   | 2 3 4 |  4.2
Dodging        | 1 2 |  2.4
Fighting       | 2 3 |  3.1
Throwing       | |  1.9

Action                   |  1- 3 |  4- 6 |  7- 9 || total
-------------------------+-------+-------+-------++-------
Melee: Dagger            |    82 |   187 |   124 ||   393
       Bite              |    18 |    45 |    46 ||   109
  Use: Scroll            |       |    10 |       ||    10
 Stab: Sleeping          |    11 |    14 |    10 ||    35
       Distracted        |       |       |     1 ||     1
  Eat: Chunk             |       |     6 |     5 ||    11
Armor: Robe              |    31 |    26 |    26 ||    83
Dodge: Dodged            |    52 |   113 |    87 ||   252
